 Dungeon Crawl Stone Soup version 0.31.0-4-g52a2dc7128 (webtiles) character file.

Game seed: 17222748992595233999

149958 night the Warrior (level 16, 0/123 HPs)
             Began as a Demonspawn Alchemist on Jan 20, 2024.
             Was the Champion of Hepliaklqana.
             Slain by a ghoul (20 damage)
             ... on level 3 of the Swamp on Jan 21, 2024.
             The game lasted 01:56:09 (26646 turns).

night the Warrior (Demonspawn Alchemist)           Turns: 26646, Time: 01:56:10

Health: 0/123      AC: 15    Str:  9    XL:     16   Next: 97%
Magic:  0/34       EV: 16    Int: 22    God:    Hepliaklqana [******]
Gold:   2195       SH:  5    Dex: 15    Spells: 3/44 levels left

rFire   + . .        W - +4 scimitar (flame)
rCold   + . .        Q - +0 buckler
rNeg    . . .        x - +0 steam dragon scales
rPois   +            (helmet restricted)
rElec   .            f - scarf {rC+ rF+}
rCorr   +            C - +0 pair of gloves
SInv    .            d - +1 pair of boots
Will    +....        S - amulet of regeneration
Stlth   ++           y - +5 ring of evasion
HPRegen 1.20/turn    g - ring of Cixiyfets {rPois rCorr AC+4}
MPRegen 0.48/turn

%: guardian spirit
@: no status effects
A: reduced essence, antennae 2, yellow scales 2, spiny 2, magic shield, magic
regeneration
a: Renounce Religion, Recall Ancestor, Ancestor Identity, Transference, Idealise


You were on level 3 of the Swamp.
You worshipped Hepliaklqana.
Hepliaklqana was exalted by your worship.
You visited 5 branches of the dungeon, and saw 27 of its levels.
You visited 1 bazaar.
You also visited: Ossuary, Bailey and Gauntlet.

You collected 3064 gold pieces.
You spent 869 gold pieces at shops.

Inventory:

Hand Weapons
 e - a +0 heavy rapier
 W - a +4 scimitar of flaming (weapon)
 Z - the +6 falchion "Otufatto" {freeze, Int+4 Dex+3}
   (You found it on level 2 of the Lair of Beasts)

   Int+4:     It affects your intelligence (+4).
   Dex+3:     It affects your dexterity (+3).
Missiles
 p - 2 throwing nets
 q - 10 boomerangs
Armour
 d - a +1 pair of boots (worn)
 f - a scarf of resistance (worn)
 n - a +0 kite shield
 x - +0 steam dragon scales (worn)
 C - a +0 pair of gloves (worn)
 N - a +0 troll leather armour
 Q - a +0 buckler (worn)
Jewellery
 c - the ring of Suadid {Ice rPois Will+++ Int+3 Dex-2}
   (You acquired it on level 3 of the Lair of Beasts)

   [ring of ice]

   Ice:       It enhances your ice magic.
   Int+3:     It affects your intelligence (+3).
   Dex-2:     It affects your dexterity (-2).
   rF-:       It makes you vulnerable to fire.
   rC+:       It protects you from cold.
   rPois:     It protects you from poison Will+++: It greatly increases your
   willpower.
 g - the ring of Cixiyfets (right hand) {rPois rCorr AC+4}
   (You bought it in a shop on level 2 of the Orcish Mines)

   [ring of protection]

   AC+4:      It affects your AC (+4).
   rPois:     It protects you from poison rCorr: It protects you from acid and
   corrosion.
 i - a ring of magical power
 m - a ring of see invisible
 y - a +5 ring of evasion (left hand)
 S - an amulet of regeneration (around neck)
 T - a ring of wizardry
 V - a +6 ring of intelligence
 X - a +6 ring of dexterity
 Y - a ring of resist corrosion
Wands
 K - a wand of polymorph (6)
Scrolls
 j - 5 scrolls of teleportation
 k - 5 scrolls of fear
 u - a scroll of amnesia
 A - 4 scrolls of immolation
 L - 7 scrolls of enchant weapon
 M - 2 scrolls of fog
 O - a scroll of vulnerability
 P - 8 scrolls of poison
 R - 5 scrolls of blinking
Potions
 b - 6 potions of magic
 h - 5 potions of brilliance
 l - a potion of berserk rage
 r - 7 potions of curing
 s - 9 potions of attraction
 t - 4 potions of enlightenment
 v - 4 potions of mutation
 z - 4 potions of cancellation
 B - 5 potions of heal wounds
 D - 3 potions of haste
 E - 7 potions of might
 F - a potion of ambrosia
 G - 6 potions of lignification
 H - a potion of experience {unknown}
 I - 2 potions of resistance
Miscellaneous
 a - a condenser vane
 o - a box of beasts
 w - a phantom mirror
 J - a phial of floods


   Skills:
 + Level 15.7 Fighting
 - Level 7.0(9.5) Short Blades
 + Level 10.0(11.0) Long Blades
 + Level 0.2 Armour
 + Level 1.8 Dodging
 - Level 1.7 Stealth
 - Level 5.0 Shields
 + Level 14.7 Spellcasting
 + Level 12.6 Conjurations
 + Level 1.2 Ice Magic
 + Level 0.2 Air Magic
 - Level 10.4 Alchemy
 - Level 8.9 Invocations


You had 3 spell levels left.
You knew the following spells:

 Your Spells              Type           Power      Damage    Failure   Level
a - Sting                 Conj/Alch      100%       1d9       1%          1
b - Mercury Vapours       Alch/Air       78%        N/A       1%          2
c - Mephitic Cloud        Conj/Alch/Air  50%        N/A       1%          3
d - Olgreb's Toxic Radia  Alch           58%        N/A       1%          4
e - Sticky Flame          Fire/Alch      39%        2d8       6%          4
f - Fulminant Prism       Conj/Alch      30%        3d15      1%          4
g - Summon Ice Beast      Ice/Summ       18%        N/A       13%         3
h - Iskenderun's Mystic   Conj/Tloc      43%        2d10      4%          4
i - Ignite Poison         Fire/Alch      39%        N/A       6%          4
j - Freezing Cloud        Conj/Ice/Air   18%        6-21      22%         5
k - Orb of Destruction    Conj           32%        9d10      26%         7

Your spell library contained the following spells:

 Spells                   Type           Power      Damage    Failure   Level
 Magic Dart               Conj           100%       1d8       1%          1
 Momentum Strike          Conj/Tloc      86%        3d10      1%          2
 Searing Ray              Conj           100%       2d8       1%          2
 Static Discharge         Conj/Air       88%        3-7/arc   1%          2
 Hailstorm                Conj/Ice       46%        3d10      1%          3
 Stone Arrow              Conj/Erth      86%        3d12      1%          3
 Apportation              Tloc           32%        N/A       5%          1
 Necrotise                Necr           64%        1d7       5%          1
 Slow                     Hex            64%        N/A       5%          1
 Summon Small Mammal      Summ           64%        N/A       5%          1
 Ensorcelled Hibernation  Hex/Ice        36%        N/A       6%          2
 Blink                    Tloc           32%        N/A       9%          2
 Call Imp                 Summ           32%        N/A       9%          2
 Lesser Beckoning         Tloc           32%        N/A       9%          2
 Frozen Ramparts          Ice            42%        1d7       10%         3
 Call Canine Familiar     Summ           16%        N/A       16%         3
 Confusing Touch          Hex            16%        N/A       16%         3
 Inner Flame              Hex/Fire       16%        N/A       16%         3
 Passwall                 Erth           16%        N/A       16%         3
 Sigil of Binding         Hex            16%        N/A       16%         3
 Swiftness                Air            17%        N/A       16%         3
 Vampiric Draining        Necr           16%        2d7       16%         3
 Volatile Blastmotes      Fire/Tloc      32%        2d12      16%         3
 Flame Wave               Conj/Fire      43%        2d11      4%          4
 Leda's Liquefaction      Alch/Erth      19%        N/A       6%          4
 Petrify                  Alch/Erth      39%        N/A       6%          4
 Vhi's Electric Charge    Tloc/Air       32%        N/A       45%         4
 Anguish                  Hex/Necr       8%         N/A       47%         4
 Animate Armour           Summ/Erth      32%        N/A       47%         4
 Cause Fear               Hex            8%         N/A       47%         4
 Dimensional Bullseye     Hex/Tloc       8%         N/A       47%         4
 Summon Blazeheart Golem  Fire/Summ      16%        N/A       47%         4
 Sculpt Simulacrum        Ice/Alch       20%        N/A       58%         6
 Metabolic Englaciation   Hex/Ice        9%         N/A       75%         5
 Silence                  Hex/Air        8%         N/A       82%         5
 Summon Mana Viper        Hex/Summ       16%        N/A       83%         5
 Spellforged Servitor     Conj/Summ      21%        N/A       98%         7
 Plasma Beam              Fire/Air       8%         2x1d18    100%        6
 Enfeeble                 Hex            8%         N/A       100%        7
 Ignition                 Fire           8%         3d5       100%        8
 Lehudib's Crystal Spear  Conj/Erth      21%        10d6      100%        8


Dungeon Overview and Level Annotations

Branches:
Dungeon (15/15)            Temple (1/1) D:5            Lair (5/5) D:9
  Swamp (4/4) Lair:2        Snake (0/4) Lair:2        Slime (0/5) Lair:5
    Orc (2/2) D:12            Elf (0/3) Orc:2        Vaults (0/5) D:13
 Depths (0/4) D:15        Ossuary (visited)          Bailey (visited)
Gauntlet (visited)

Altars:
Ashenzari
Cheibriados
Dithmenos
Fedhas
Gozag
Hepliaklqana
Kikubaaqudgha
Makhleb
Nemelex Xobeh
Okawaru
Qazlal
Ru
Sif Muna
Trog
Uskayaw
Vehumet
Wu Jian
Xom
Yredelemnul
Jiyva
Lugonu

Shops:
D:2 ?   D:3 (   D:10 (   D:14 =   Orc:2 *=*[*

Portals:
Abyss: Lair:5

Annotations:
D:12 1 runed translucent door, mabla's ghost, journeyman MiBe
Lair:5 1 runed translucent door, Riymurr's ghost, journeyman MfMo


Innate Abilities, Weirdness & Mutations

Your life essence is reduced to manifest your ancestor. (-10% HP)
You have a pair of antennae on your head.
You are mostly covered in yellow scales. (AC +3)
You are mostly covered in sharp spines.
When hurt, damage is shared between your health and your magic reserves.
You regenerate magic rapidly.


Message History

You slash the ghoul! You burn the ghoul.
The ghoul is heavily damaged.
The ghoul burns!
Your ice beast hits the ghoul but does no damage.
The ghoul completely misses your ice beast.
The ghoul claws your ice beast!!
Your ice beast dies!
Your ice beast disappears in a puff of smoke!
You catch the helpless ghoul completely off-guard!
You slice the ghoul!! You burn the ghoul.
The ghoul is severely damaged.
The ghoul burns!
The ghoul stops burning.
The ghoul is struck by your spines. The ghoul closely misses you.
The ghoul claws you!
* * * LOW HITPOINT WARNING * * *
You closely miss the ghoul.
The ghoul is severely damaged.
The ghoul closely misses you. The ghoul claws you!
* * * LOW HITPOINT WARNING * * *
You feel much better. The ghoul closely misses you. x2
Casting: Summon Ice Beast (mildly dangerous; 13% risk of failure)
Confirm with . or Enter, or press ? or * to list all spells.
You don't have enough magic to cast this spell.
Unknown command.
Okay, then.
You closely miss the ghoul.
The ghoul is severely damaged.
The ghoul completely misses you. The ghoul claws you!
* * * LOW HITPOINT WARNING * * *
You slash the ghoul! You burn the ghoul.
The ghoul is almost destroyed.
You block the ghoul's attack. The ghoul misses you.
You slash the ghoul! You burn the ghoul.
The ghoul is almost destroyed.
The ghoul claws you.
* * * LOW HITPOINT WARNING * * *
The ghoul completely misses you.
You closely miss the ghoul.
The ghoul is almost destroyed.
The ghoul claws you!!
You die...

~.:~)~~~~~~~~.♣♣
~~.~~~~§.~~~~~~♣
♣♣♣♣~...~..~§~.♣♣♣♣
♣♣♣~♣.~~...♣♣~.♣
♣~....§~~§...^♣
♣~~~~.~~~~~~~.♣ ♣
♣.~~~~~~~~§~~(♣ ♣♣♣
♣~~~~.(~~~§~.~♣
~.♣♣♣♣.~~.~~~~.[@~♣
~§.♣ ♣~~~~~~~..n.♣♣
~~.♣ ♣♣~~~~~~..§~.♣
~..♣♣♣..~~~~~~~~~.♣
.♣♣♣♣...§~.~~~§..♣♣
♣♣ ♣~.~~~§..~~~~~~♣
♣ ♣♣♣.~~~..~~~~~.♣
♣ ♣~♣.[..♣♣~....♣♣
♣♣♣♣~..~....~♣♣♣♣♣


You could see a ghoul.

Vanquished Creatures
  Mlioglotl (Swamp:2)
  Aizul (Swamp:2)
  2 thorn hunters
  Donald (Swamp:1)
  A ghoul (Swamp:2)
  2 eleionomae
  2 bunyips
  A minotaur (Gauntlet)
  A fire dragon (D:15)
  Josephine (D:11)
  A shambling mangrove (Swamp:2)
  6 hydras
  A ghost crab (Swamp:3)
  An ogre mage (Orc:2)
  A catoblepas (Gauntlet)
  4 centaur warriors
  9 alligators
  A death knight (D:13)
  5 boulder beetles
  3 orc high priests (Orc:2)
  A deep troll earth mage (D:15)
  A two-headed ogre (Orc:2)
  2 death yaks (D:9)
  2 thrashing horrors (Lair:5)
  4 spriggans
  5 goliath frogs
  3 swamp dragons
  A spriggan druid (Swamp:2)
  2 large abominations (Lair:5)
  3 arcanists
  A bog body (Swamp:2)
  A death drake (Swamp:2)
  4 orc sorcerers
  3 deep elf pyromancers
  13 orc knights
  2 wolf spiders (D:15)
  6 ugly things
  A will-o-the-wisp (Swamp:4)
  An oklob plant (Lair:3)
  4 manticores
  9 meliai
  4 cyclopes
  Joseph (D:7)
  2 black mambas
  25 elephants
  3 kobold blastminers
  14 cane toads
  9 gargoyles
  A freezing wraith (D:12)
  An efreet (D:15)
  2 kobold demonologists
  A rime drake (Lair:3)
  6 komodo dragons
  Maggie (D:8)
  A polar bear (Lair:4)
  11 trolls
  11 tyrant leeches
  6 hornets
  A polar bear (shapeshifter) (D:14)
  6 dream sheep (Lair:5)
  2 raiju (Lair:5)
  27 blink frogs
  9 small abominations (Lair:5)
  6 slime creatures
  A vampire (D:11)
  A ynoxinul (Lair:5)
  2 wyverns
  37 yaks
  8 wraiths
  2 steam dragons
  4 basilisks
  2 wargs
  15 vampire mosquitoes
  A redback simulacrum (D:15)
  3 chaos spawn (Lair:5)
  8 swamp worms
  A naga (Lair:2)
  11 water moccasins
  36 orc warriors
  A laughing skull (D:15)
  3 black bears
  3 ogres
  15 wolves
  11 centaurs
  2 phantoms
  2 kobold brigands
  5 bullfrogs
  2 scorpions
  2 wights (D:8)
  5 killer bees (D:10)
  2 howler monkeys
  2 electric eels (D:6)
  A bombardier beetle (D:4)
  A hound (D:6)
  A jelly (D:6)
  3 gnoll boudas
  22 orc priests
  2 iguanas
  18 orc wizards
  5 hell rats (D:9)
  6 mummies (Ossuary)
  6 gnolls
  A river rat (D:4)
  10 adders
  A shadow imp (Gauntlet)
  3 white imps
  2 ufetubi (D:7)
  A ribbon worm (D:4)
  4 dart slugs
  62 orcs
  9 endoplasms
  2 giant cockroaches
  11 goblins
  8 hobgoblins
  A jackal (D:5)
  7 quokkas
  6 ball pythons
  4 bats
  2 gnoll zombies (Ossuary)
  22 kobolds
  2 kobold zombies (Ossuary)
  2 orc zombies (Ossuary)
  9 rats
685 creatures vanquished.

Vanquished Creatures (collateral kills)
  2 orc warlords (Orc:1)
  3 eleionomae
  A bunyip (Swamp:2)
  2 hydras (Swamp:2)
  A spriggan air mage (Swamp:2)
  An alligator (Swamp:3)
  2 centaur warriors
  2 boulder beetles
  A death yak (D:9)
  An orc high priest (Orc:1)
  A spriggan druid (Swamp:3)
  A bog body (Swamp:4)
  An arcanist (Gauntlet)
  3 swamp dragons
  An oklob plant (Lair:2)
  An ugly thing (D:15)
  A manticore (D:11)
  3 will-o-the-wisps
  Maurice (D:8)
  4 elephants
  A kobold blastminer (Orc:1)
  A meliai (D:14)
  A smoke demon (Lair:5)
  2 black mambas
  A cane toad (Lair:1)
  A torpor snail (Lair:5)
  An unseen horror (D:10)
  A komodo dragon (Lair:3)
  A freezing wraith (D:13)
  2 efreet
  3 trolls
  2 hornets (Swamp:3)
  9 blink frogs
  A dream sheep (Lair:5)
  4 slime creatures
  3 spriggans
  3 small abominations (Lair:5)
  A ynoxinul (Lair:5)
  A wraith (D:11)
  2 shadows
  A wyvern (Lair:3)
  19 yaks
  2 basilisks
  A warg (Orc:2)
  2 chaos spawn (Lair:5)
  4 vampire mosquitoes
  A steam dragon (D:9)
  3 swamp worms
  An acid dragon (D:10)
  9 water moccasins
  7 orc warriors
  A sky beast (D:7)
  A laughing skull (D:15)
  3 ogres
  2 wolves
  3 centaurs (D:15)
  A scorpion (D:4)
  2 bullfrogs
  A wight (D:8)
  A crimson imp (D:6)
  Crazy Yiuf (D:4)
  A bombardier beetle (D:5)
  4 orc priests
  2 sleepcaps (D:3)
  5 orc wizards
  A hell rat (D:9)
  2 mummies (Ossuary)
  4 gnolls (D:4)
  2 adders
  A river rat (D:4)
  A white imp (Gauntlet)
  A dart slug (D:3)
  7 orcs
  4 endoplasms
  A gnoll zombie (Ossuary)
  2 hobgoblins (D:2)
  A jackal (D:5)
  A quokka (D:3)
  A bat (D:2)
  A hobgoblin zombie (Ossuary)
  A kobold (D:12)
183 creatures vanquished.

Vanquished Creatures (others)
  An iguana (D:6)
  An orc wizard (Orc:1)
  32 hexers
  An ancestor (D:1)
  19 foxfires
  6 fulminant prisms
60 creatures vanquished.

Grand Total: 928 creatures vanquished

Notes
Turn   | Place    | Note
-------+----------+-------------------------------------------
     0 | D:1      | night the Demonspawn Alchemist began the quest for the Orb.
     0 | D:1      | Reached XP level 1. HP: 13/13 MP: 3/3
   232 | D:1      | Gained mutation: You regenerate magic rapidly. [demonic
                  | ancestry]
   232 | D:1      | Reached XP level 2. HP: 14/20 MP: 0/5
   332 | D:1      | Learned a level 2 spell: Mercury Vapours
   359 | D:1      | Reached skill level 1 in Fighting
   456 | D:1      | Found a faded altar of an unknown god.
   577 | D:1      | Prayed at the altar of an unknown god.
   577 | D:1      | Became a worshipper of Hepliaklqana the Forgotten
   577 | D:1      | Reached * piety under Hepliaklqana
   775 | D:1      | Gained mutation: You are partially covered in sharp spines.
                  | [demonic ancestry]
   775 | D:1      | Reached XP level 3. HP: 23/23 MP: 1/6
  1035 | D:2      | Found Meyps's Magic Scroll Shoppe.
  1194 | D:2      | Learned a level 3 spell: Mephitic Cloud
  1219 | D:2      | Reached skill level 2 in Fighting
  1219 | D:2      | Gained mutation: You are mostly covered in sharp spines.
                  | [demonic ancestry]
  1219 | D:2      | Reached XP level 4. HP: 29/29 MP: 4/8
  2085 | D:3      | Reached ** piety under Hepliaklqana
  2086 | D:3      | Remembered your ancestor Eadwine as a hexer
  2187 | D:3      | Found Faolyecy's Antique Weapon Shop.
  2460 | D:3      | Identified the +0 ring mail "Husk" {Harm rElec rCorr Int+2}
  2482 | D:3      | Gained mutation: You are partially covered in yellow
                  | scales. (AC +2) [demonic ancestry]
  2482 | D:3      | Reached XP level 5. HP: 32/35 MP: 9/9
  2490 | D:3      | Learned a level 4 spell: Olgreb's Toxic Radiance
  2606 | D:4      | Noticed an ogre
  2613 | D:4      | Killed an ogre
  2614 | D:4      | Reached skill level 3 in Fighting
  2614 | D:4      | Reached skill level 1 in Invocations
  2687 | D:4      | Reached XP level 6. HP: 42/42 MP: 9/11
  2917 | D:4      | Reached skill level 2 in Invocations
  3002 | D:4      | Found a faded altar of an unknown god.
  3002 | D:4      | Found a sparkling altar of Nemelex Xobeh.
  3010 | D:4      | Found a faded altar of an unknown god.
  3012 | D:4      | Found a sacrificial altar of Ru.
  3118 | D:4      | Reached skill level 5 in Alchemy
  3118 | D:4      | Reached XP level 7. HP: 28/47 MP: 2/13
  3137 | D:4      | Reached skill level 4 in Fighting
  3211 | D:4      | Found an opulent altar of Gozag.
  3387 | D:4      | Found a runed translucent door.
  3388 | D:4      | Noticed Crazy Yiuf
  3679 | D:4      | Killed Crazy Yiuf
  3795 | D:5      | Entered Level 5 of the Dungeon
  4046 | D:5      | Found a staircase to the Ecumenical Temple.
  4056 | Temple   | Entered the Ecumenical Temple
  4318 | D:5      | Gained mutation: You are mostly covered in yellow scales.
                  | (AC +3) [demonic ancestry]
  4318 | D:5      | Reached XP level 8. HP: 54/54 MP: 9/15
  4323 | D:5      | Learned a level 4 spell: Sticky Flame
  4447 | D:5      | Reached *** piety under Hepliaklqana
  4676 | D:6      | Found a hide-covered altar of Uskayaw.
  4691 | D:6      | Reached skill level 5 in Spellcasting
  4691 | D:6      | Reached skill level 5 in Invocations
  4693 | D:6      | Reached skill level 5 in Fighting
  4801 | D:6      | Found a sand-covered staircase.
  4805 | Ossuary  | Entered an ossuary
  5920 | D:6      | Found a burning altar of Makhleb.
  5920 | D:6      | Found a shimmering altar of Xom.
  6340 | D:7      | Found a flagged portal.
  6344 | D:7      | Noticed Joseph
  6354 | D:7      | Killed Joseph
  6355 | D:7      | Reached skill level 6 in Fighting
  6355 | D:7      | Reached XP level 9. HP: 55/62 MP: 8/18
  6364 | Bailey   | Entered a bailey
  6535 | Bailey   | Noticed an orc knight
  6564 | Bailey   | HP: 3/63 [orc knight/+0 glaive (14)]
  6578 | Bailey   | Killed an orc knight
  6579 | Bailey   | Reached skill level 7 in Fighting
  6772 | Bailey   | Noticed an orc knight
  6791 | Bailey   | Killed an orc knight
  6796 | Bailey   | Reached XP level 10. HP: 48/71 MP: 10/20
  7028 | D:7      | Learned a level 4 spell: Fulminant Prism
  7647 | D:8      | Reached **** piety under Hepliaklqana
  7715 | D:8      | Reached skill level 1 in Shields
  7715 | D:8      | Noticed Maggie
  7717 | D:8      | Reached skill level 2 in Shields
  7724 | D:8      | Killed Maggie
  7756 | D:8      | Found a broken altar of Ashenzari.
  7990 | D:8      | Found a snail-covered altar of Cheibriados.
  8153 | D:8      | Noticed Maurice
  8155 | D:8      | Maurice stole an amulet of faith
  8160 | D:8      | Killed Maurice
  8161 | D:8      | Reached skill level 8 in Fighting
  8570 | D:9      | Noticed a death yak
  8572 | D:9      | Found a staircase to the Lair.
  8574 | D:9      | Noticed a death yak
  8578 | D:9      | Noticed a death yak
  8583 | D:9      | Killed a death yak
  8584 | D:9      | Gained mutation: When hurt, damage is shared between your
                  | health and your magic reserves. [demonic ancestry]
  8584 | D:9      | Reached XP level 11. HP: 64/78 MP: 16/23
  8593 | D:9      | Killed a death yak
  8594 | D:9      | Reached skill level 5 in Shields
  8595 | D:9      | Killed a death yak
  9005 | D:10     | Entered Level 10 of the Dungeon
  9042 | D:10     | Reached skill level 9 in Fighting
  9131 | D:10     | Found a shadowy altar of Dithmenos.
  9141 | D:10     | Reached skill level 1 in Short Blades
  9389 | D:10     | Reached skill level 2 in Short Blades
  9459 | D:10     | Reached skill level 10 in Alchemy
  9519 | D:10     | Found Elablif's Antique Weapon Shop.
  9625 | D:10     | Reached ***** piety under Hepliaklqana
  9922 | Lair:1   | Entered Level 1 of the Lair of Beasts
 10105 | Lair:1   | Reached XP level 12. HP: 87/87 MP: 14/25
 10137 | Lair:1   | Learned a level 3 spell: Summon Ice Beast
 10186 | Lair:1   | Reached skill level 10 in Fighting
 10238 | Lair:1   | Learned a level 4 spell: Iskenderun's Mystic Blast
 10323 | Lair:1   | Reached skill level 1 in Ice Magic
 10750 | Lair:2   | Reached skill level 2 in Conjurations
 10812 | Lair:2   | Found a staircase to the Swamp.
 10812 | Lair:2   | Noticed an eleionoma
 10833 | Lair:2   | HP: 12/87 [eleionoma/spray of wooden splinters (15)]
 10852 | Lair:2   | Killed an eleionoma
 10984 | Lair:2   | Reached skill level 5 in Short Blades
 10986 | Lair:2   | Reached skill level 10 in Spellcasting
 11135 | Lair:2   | Identified the +6 falchion "Otufatto" {freeze, Int+4 Dex+3}
 11203 | Lair:2   | Noticed a seven-headed hydra
 11213 | Lair:2   | Killed a seven-headed hydra
 11214 | Lair:2   | Reached skill level 11 in Fighting
 11436 | Lair:2   | Reached skill level 5 in Conjurations
 11436 | Lair:2   | Reached XP level 13. HP: 70/95 MP: 7/27
 11561 | Lair:2   | Found a staircase to the Snake Pit.
 12184 | Lair:3   | You fall into a shaft and drop 2 floors!
 12184 | Lair:5   | Entered Level 5 of the Lair of Beasts
 12250 | Lair:5   | Found a runed translucent door.
 12253 | Lair:5   | Noticed Riymurr's ghost (journeyman MfMo)
 12344 | Lair:5   | Found a viscous altar of Jiyva.
 12348 | Lair:5   | Found a staircase to the Slime Pits.
 12746 | Lair:3   | Identified a scroll of acquirement
 12746 | Lair:3   | Acquired the ring of Suadid {Ice rPois Will+++ Int+3 Dex-2}
 12860 | Lair:3   | Reached skill level 1 in Long Blades
 12871 | Lair:3   | Reached skill level 12 in Fighting
 13001 | Lair:3   | Reached skill level 2 in Long Blades
 13264 | Lair:3   | Reached ****** piety under Hepliaklqana
 14528 | Lair:5   | Reached XP level 14. HP: 104/104 MP: 20/29
 14753 | Lair:5   | Identified the amulet "Baf Awu" {Faith rElec}
 14842 | Lair:5   | Reached skill level 12 in Spellcasting
 14944 | Lair:5   | Found a corrupted altar of Lugonu.
 14944 | Lair:5   | Found a one-way gate to the infinite horrors of the Abyss.
 15243 | Lair:5   | Reached skill level 13 in Fighting
 15471 | Lair:5   | Reached skill level 5 in Long Blades
 15953 | D:11     | Noticed Josephine
 15965 | D:11     | Killed Josephine
 16044 | D:11     | Identified the +6 bardiche of Cheibriados's Anger {holy,
                  | ^Contam Int+8 Stlth+}
 16634 | D:12     | Found a gate leading to a gauntlet.
 16652 | Gauntlet | Entered a Gauntlet
 16652 | Gauntlet | Found a transporter.
 16652 | Gauntlet | Found a transporter.
 16670 | Gauntlet | Found a transporter.
 16674 | Gauntlet | Found a transporter.
 16682 | Gauntlet | Found a transporter.
 16686 | Gauntlet | Found a transporter.
 16693 | Gauntlet | Found a runed translucent door.
 16696 | Gauntlet | Found a transporter.
 16711 | Gauntlet | Found a transporter.
 16728 | Gauntlet | Found a transporter.
 16729 | Gauntlet | Found a transporter.
 16737 | Gauntlet | Found a transporter.
 16741 | Gauntlet | Found a transporter.
 16805 | Gauntlet | Learned a level 4 spell: Ignite Poison
 16846 | Gauntlet | Got Dyty's Encyclopedia of the Sky
 16933 | Gauntlet | Got Xiul Fis's Secrets of the Enchanting Squall
 16977 | D:12     | Learned a level 5 spell: Freezing Cloud
 17182 | D:12     | Found a runed translucent door.
 17184 | D:12     | Identified the +5 trident "Xeeh" {freeze, rElec}
 17184 | D:12     | Noticed mabla's ghost (journeyman MiBe)
 17426 | D:12     | Found a staircase to the Orcish Mines.
 18064 | D:13     | Gained mutation: You have a pair of small antennae on your
                  | head. [demonic ancestry]
 18064 | D:13     | Reached XP level 15. HP: 111/111 MP: 31/31
 19162 | D:13     | Found a gate to the Vaults.
 19500 | D:14     | Found Rukiom's Jewellery Shop.
 19512 | D:14     | Reached skill level 10 in Conjurations
 19524 | D:14     | Reached skill level 14 in Fighting
 19689 | D:14     | Found an iron altar of Okawaru.
 19699 | D:14     | Identified the +4 spear of the Establishment {flame, *Rage
                  | Str+6 Dex+2}
 19934 | D:15     | Entered Level 15 of the Dungeon
 20220 | D:15     | Found a staircase to the Depths.
 21010 | D:15     | Upgraded the game from 0.31.0-2-g5a2aebc5c2 to
                  | 0.31.0-4-g52a2dc7128
 21119 | Orc:1    | Entered Level 1 of the Orcish Mines
 22272 | Orc:2    | Entered Level 2 of the Orcish Mines
 22375 | Orc:2    | Gained mutation: You have a pair of antennae on your head.
                  | [demonic ancestry]
 22375 | Orc:2    | Reached XP level 16. HP: 79/120 MP: 1/33
 22573 | Orc:2    | Found a staircase to the Elven Halls.
 22586 | Orc:2    | Found a gateway to a bazaar.
 22668 | Bazaar   | Entered a bazaar
 22668 | Bazaar   | Found Kievekot's Armour Shoppe.
 22668 | Bazaar   | Found Ryerosk's Jewellery Shop.
 22668 | Bazaar   | Found Xoblex's Jewellery Shoppe.
 22670 | Bazaar   | Found Zias's Distillery.
 22727 | Bazaar   | Bought a potion of heal wounds for 50 gold pieces
 22727 | Bazaar   | Bought a potion of cancellation for 80 gold pieces
 22887 | Orc:2    | Found Roeb's Gadget Gallery.
 22991 | Orc:2    | Found Zikom's General Store.
 22991 | Orc:2    | Found Wucruteo's Antique Armour Shop.
 23014 | Orc:2    | Found Zoorchuru's Jewellery Shop.
 23014 | Orc:2    | Found Roeb's General Store.
 23042 | Orc:2    | Learned a level 7 spell: Orb of Destruction
 23227 | Orc:2    | Bought the ring of Cixiyfets {rPois rCorr AC+4} for 739
                  | gold pieces
 23494 | Swamp:1  | Entered Level 1 of the Swamp
 23494 | Swamp:1  | Noticed Donald
 23500 | Swamp:1  | Killed Donald
 24067 | Swamp:2  | Noticed Mlioglotl
 24241 | Swamp:2  | Identified the serpent talisman of Relativism {Str+2 Dex+4}
 24241 | Swamp:2  | Noticed Aizul
 24246 | Swamp:2  | Reached skill level 14 in Spellcasting
 24254 | Swamp:2  | Killed Aizul
 24255 | Swamp:2  | Reached skill level 15 in Fighting
 24512 | Swamp:2  | Killed Mlioglotl
 24915 | Swamp:2  | Reached skill level 12 in Conjurations
 25329 | Swamp:2  | Noticed a thorn hunter
 25356 | Swamp:2  | HP: 18/122 [thorn hunter (4)]
 25357 | Swamp:2  | Killed a thorn hunter
 25664 | Swamp:2  | Found an ornate altar of the Wu Jian Council.
 25789 | Swamp:2  | Identified the +10 sling "Vuntekh" {freeze, Int+7}
 25950 | Swamp:3  | Noticed a thorn hunter
 25963 | Swamp:3  | Killed a thorn hunter
 26260 | Swamp:4  | Entered Level 4 of the Swamp
 26341 | Swamp:4  | Reached skill level 10 in Long Blades
 26641 | Swamp:3  | HP: 8/123 [ghoul (12)]
 26646 | Swamp:3  | Slain by a ghoul

Illustrated notes

Levels and vault maps discovered:
D:1:      spicycebolla_green_bress_n_ham, layout_loops_ring,
          shapermc_ecumenical_altar_mp_ritualfount, minmay_pentomino_w2
D:2:      minmay_evil_eye, layout_rooms, serial_shops, shop, roderic_lattice_a
D:3:      layout_loops_corners, serial_shops, shop, hellmonk_no_cap
D:4:      layout_loops_ring, mainiacjoe_overflow_paths,
          chequers_temple_overflow_minitemple, portal_sewer_entry_b,
          kennysheep_potato, uniq_crazy_yiuf_cottage
D:5:      layout_gridville, minmay_temple_entry_mist
D:6:      layout_basic, grunt_temple_overflow_champion_of_chaos,
          mainiacjoe_overflow_six_doors_small, enter_ossuary_5,
          serial_bayou_lake_a
D:7:      layout_cave_pods, enter_bailey_6, uniq_joseph
D:8:      layout_basic, marbit_many_paths, nicolae_ashenzari_panopticon,
          uniq_maggie, uniq_maurice
D:9:      layout_rooms, dpeg_lair_monsters
D:10:     layout_loops_cross, nicolae_overflow_crystal_walls, serial_shops,
          nicolae_shop_stone, grunt_ministairs_3
D:11:     layout_loops_cross, uniq_josephine
D:12:     cheibrodos_barr_body, layout_stronghold, david_orc_3,
          ebering_ghost_funeral_grove, gauntlet_entry_generic
D:13:     layout_layer_cave, hellmonk_vaults_attempted_burglary, minivault_26
D:14:     layout_cave_pools, serial_shops, nicolae_shop_tiny_statue_garden,
          okawaru_ov_weapons_minmay, grunt_ministairs_14
D:15:     hellmonk_depths_entry_around_the_bend, layout_irregular_city,
          serial_rivers, chequers_serial_rivers_micro_e,
          chequers_serial_rivers_micro_d, chequers_serial_rivers_micro_b,
          chequers_serial_rivers_micro_e, chequers_serial_rivers_micro_c,
          tso_altar
Temple:   nicolae_temple_bog_church
Lair:1:   layout_cellular_growth
Lair:2:   layout_roguey, alex1729_swamp_entry_worm_eleionoma,
          guppyfry_snake_entry_island, nicolae_lair_grove_arrangements
Lair:3:   layout_regular_city, serial_bayou, serial_bayou_pond_e,
          serial_bayou_shore_b, serial_bayou_pond_b, serial_bayou_pond_a
Lair:4:   layout_concentric_octagons
Lair:5:   hellmonk_lair_end_abyssal_woods, layout_cave_pods, slime_entry_2,
          ebering_ghost_inner_flame, portal_ice_cave_entry_pillars_2,
          grunt_megastairs_2
Swamp:1:  layout_falls_marsh, evilmike_swamp_ruin_house_3, swamp_pool_3,
          uniq_donald
Swamp:2:  nzn_winding_woodlands_small [nzn_winding_woodlands_5x15_garden,
          nzn_winding_woodlands_center_pierced_h,
          nzn_winding_woodlands_5x15_sawtooth], layout_basic_swamp,
          nicolae_swamp_godswood, uniq_aizul, uniq_mlioglotl
Swamp:3:  layout_basic_swamp, evilmike_swamp_ruin_house_1
Swamp:4:  byrel_swamp_growth_death_and_undeath, layout_basic_swamp,
          nicolae_swamp_decorative_isthmus, infiniplex_staircase_pool_2
Orc:1:    orc_temple, layout_caves, nicolae_volcano_entry_hallway,
          regret_index_minedec_shroomtown_chain, nicolae_orc_flooded_monolith
Orc:2:    grunt_orc_tribal_feast, layout_caves, basic_altar, serial_shops,
          bzr_entry_lakeside, nicolae_shop_gadgets

Skill      XL: |  1  2  3  4  5  6  7  8  9 10 11 12 13 14 15 16 |
---------------+-------------------------------------------------+-----
Fighting       | 1 2 3 4 6 7 8 9 11 12 13 14 15 | 15.7
Spellcasting   | 3 4 6 7 8 9 10 11 12 13 14 | 14.7
Alchemy        | 4 5 7 8 9 10 | 10.4
Invocations    | 1 3 4 7 8 |  8.9
Shields        | 4 5 |  5.0
Short Blades   | 3 6 7 |  7.0
Ice Magic      | 1 |  1.2
Conjurations   | 5 7 9 11 12 | 12.6
Long Blades    | 3 6 8 10 | 10.0
Armour         | |  0.2
Dodging        | |  1.8
Stealth        | |  1.7
Air Magic      | |  0.2

Action                     |  1- 3 |  4- 6 |  7- 9 | 10-12 | 13-15 | 16-18 || total
---------------------------+-------+-------+-------+-------+-------+-------++-------
  Melee: Unarmed           |     8 |       |       |       |       |       ||     8
         Rapier            |    12 |    53 |    79 |   188 |    66 |       ||   398
         Falchion          |       |       |       |       |   448 |    31 ||   479
         Scimitar          |       |       |       |       |    82 |   172 ||   254
   Cast: Sting             |    50 |    30 |    24 |    23 |     9 |     9 ||   145
         Mercury Vapours   |     3 |     9 |    15 |    18 |    16 |    13 ||    74
         Olgreb's Toxic Ra |       |     1 |    20 |    28 |    90 |    35 ||   174
         Mephitic Cloud    |       |       |     5 |     3 |     3 |       ||    11
         Sticky Flame      |       |       |     4 |    27 |    56 |    30 ||   117
         Fulminant Prism   |       |       |       |     4 |       |     2 ||     6
         Summon Ice Beast  |       |       |       |     6 |     8 |     4 ||    18
         Iskenderun's Myst |       |       |       |     1 |     6 |     2 ||     9
         Freezing Cloud    |       |       |       |       |     3 |     6 ||     9
         Ignite Poison     |       |       |       |       |    44 |    28 ||    72
 Invoke: Ancestor Life: He |       |     1 |       |       |       |       ||     1
         Recall Ancestor   |       |       |     1 |       |     1 |     1 ||     3
         Idealise          |       |       |       |     1 |     5 |     2 ||     8
  Evoke: Wand              |       |       |     3 |       |     2 |       ||     5
    Use: Scroll            |       |       |    11 |     6 |    12 |     2 ||    31
         Potion            |       |       |       |     2 |     1 |     3 ||     6
   Stab: Sleeping          |       |     4 |     2 |     2 |     2 |       ||    10
         Distracted        |       |     1 |       |     1 |    10 |     3 ||    15
         Confused          |       |       |     3 |     9 |    17 |     5 ||    34
         Paralysed         |       |       |       |       |    28 |    40 ||    68
 Armour: Robe              |    17 |    28 |    48 |       |       |       ||    93
         Steam dragon scal |       |       |    20 |   167 |   392 |   251 ||   830
  Dodge: Dodged            |    31 |    25 |    69 |   162 |   457 |   194 ||   938
  Block: Buckler           |       |       |       |    55 |   168 |    72 ||   295
